 Dungeon Crawl Stone Soup version 0.30-a0-374-g95c0257040 (webtiles) character file.

Game seed: 2774788709112399756

212 NinjaNoafa the Ducker (level 5, -3/50 HPs)
             Began as a Troll Monk on Nov 26, 2022.
             Slain by a black bear (9 damage)
             ... on level 4 of the Dungeon.
             The game lasted 00:05:23 (3230 turns).

NinjaNoafa the Ducker (Troll Monk)                  Turns: 3230, Time: 00:05:23

Health: -3/50      AC:  4    Str: 19    XL:     5   Next: 58%
Magic:  4/4        EV: 12    Int:  6    God:
Gold:   100        SH:  0    Dex: 14    Spells: 4/4 levels left

rFire   . . .      SeeInvis .      - Unarmed
rCold   . . .      Faith    .    (no shield)
rNeg    . . .      Spirit   .    a - +0 robe
rPois   .          Reflect  .    (helmet restricted)
rElec   .          Harm     .    (no cloak)
rCorr   .          Rampage  .    (gloves unavailable)
Will    .....                    (boots unavailable)
Stlth   +.........               (no amulet)
HPRegen 1.08/turn                (no ring)
MPRegen 0.09/turn                (no ring)

@: confused, ambrosia-drunk
A: large, unfitting armour, claws 3, regeneration 1, shaggy fur 1, tough skin 1
a: no special abilities


You were on level 4 of the Dungeon.
You visited 1 branch of the dungeon, and saw 5 of its levels.

You collected 188 gold pieces.
You spent 88 gold pieces at shops.

Inventory:

Missiles
 d - 58 stones (quivered)
 j - 5 poisoned darts
 m - 2 atropa-tipped darts
Armour
 a - a +0 robe (worn)
Wands
 s - a wand of paralysis (9)
Scrolls
 c - 4 scrolls of magic mapping {unknown}
 e - 5 scrolls of identify {unknown}
 g - a scroll of fear {unknown}
 h - 2 scrolls of immolation {unknown}
 l - a scroll of enchant armour {unknown}
 t - a scroll of poison
 w - a scroll of brand weapon {unknown}
 y - a scroll of butterflies {unknown}
Potions
 f - a potion of flight {unknown}
 k - 2 potions of cancellation {unknown}
 n - a potion of berserk rage {unknown}
 o - 2 potions of attraction {unknown}
 p - a potion of mutation {unknown}
 q - a potion of curing {unknown}
 r - 2 potions of invisibility {unknown}
 u - a potion of lignification {unknown}
 v - a potion of degeneration {unknown}
 x - a potion of might {unknown}


   Skills:
 - Level 2.4 Fighting
 + Level 5.3 Dodging
 - Level 1.0 Stealth
 - Level 3.0 Unarmed Combat


You had 4 spell levels left.
You didn't know any spells.
Your spell library contained the following spells:

 Spells                   Type           Power      Damage    Failure   Level
 Static Discharge         Conj/Air       0%         2-2/arc   58%         2
 Vhi's Electric Charge    Tloc/Air       0%         N/A       83%         3
 Airstrike                Air            0%         2d(0-16)  99%         4
 Summon Lightning Spire   Summ/Air       0%         N/A       99%         4
 Alistair's Intoxication  Tmut/Pois      0%         N/A       100%        5
 Arcjolt                  Conj/Air       0%         1d10      100%        5
 Borgnjor's Vile Clutch   Necr/Erth      0%         N/A       100%        5
 Lightning Bolt           Conj/Air       0%         1d11      100%        5
 Eringya's Noxious Bog    Tmut/Pois      0%         N/A       100%        6


Dungeon Overview and Level Annotations

Branches:
Dungeon (5/15)
 Temple: D:4-7

Altars:

Shops:
D:1 =   D:2 *   D:3 *


Innate Abilities, Weirdness & Mutations

You are too large for most types of armour.
You have claws for hands.
Your natural rate of healing is unusually fast.
You are covered in fur. (AC +1)
You have tough skin. (AC +1)


Message History

The black bear claws you.
You throw a javelin.
The javelin pierces through the black bear!
The black bear is moderately wounded.
The black bear misses you. The black bear claws you.
The black bear closely misses you. The black bear bites you.
The black bear claws you. x2
You scratch the black bear but do no damage.
The black bear is moderately wounded.
You scratch the black bear.
The black bear is heavily wounded.
The black bear barely misses you. The black bear claws you. x2
You closely miss the black bear.
The black bear is heavily wounded.
The black bear barely misses you. The black bear claws you. x2
You scratch the black bear.
The black bear is severely wounded.
The black bear goes berserk!
You barely miss the black bear.
The black bear is severely wounded.
The black bear bites you! The black bear barely misses you.
The black bear closely misses you. The black bear bites you.
The black bear claws you. x2
You barely miss the black bear.
The black bear is severely wounded.
The black bear closely misses you. The black bear barely misses you.
The black bear closely misses you.
A black bear is nearby!
You claw the black bear!
The black bear is almost dead.
The black bear bites you!
* * * LOW HITPOINT WARNING * * *
The black bear closely misses you. The black bear claws you.
* * * LOW HITPOINT WARNING * * *
The black bear barely misses you. The black bear closely misses you.
The black bear claws you.
* * * LOW HITPOINT WARNING * * *
You are confused.
You feel invigorated. The black bear bites you!
You die...

#..# #.#.#..............
#..# #.#.#..).#.#.#).#..
#..# #.#.#....#.#.......
#..# #.#.#.#..#.#...<...
#..# #.#.#.#....#..)....
#).# #...#............#.
##..#######...............
#...........##..#######.##
#........@h.....(........)
#..................####.#)
#####.#####...............
#.# #.###..........# #.#
#.##............ #.#
#.##.#...#####.. #.#
#.......######## #.#
####.#.......... #.#
#.#..........


You could see a black bear (berserk).

Vanquished Creatures
  An orc priest (D:3)
  A hound (D:4)
  Robin (D:4)
  4 adders
  3 dart slugs
  4 orcs
  10 ball pythons
  6 bats
  3 endoplasms
  2 giant cockroaches
  16 goblins
  10 hobgoblins
  8 jackals
  2 quokkas
  2 frilled lizards (D:3)
  10 kobolds
  5 rats
88 creatures vanquished.

Notes
Turn   | Place    | Note
-------+----------+-------------------------------------------
     0 | D:1      | NinjaNoafa the Troll Monk began the quest for the Orb.
     0 | D:1      | Reached XP level 1. HP: 22/22 MP: 0/0
    84 | D:1      | Reached XP level 2. HP: 29/29 MP: 1/1
    94 | D:1      | Reached skill level 3 in Dodging
   265 | D:1      | Found Geblal's Jewellery Shoppe.
   266 | D:1      | Found a faded altar of an unknown god.
   354 | D:1      | Reached XP level 3. HP: 36/36 MP: 2/2
  1158 | D:2      | Found Syp Gou's Assorted Antiques.
  1165 | D:2      | Bought a scroll labelled UFEELU TYOH for 20 gold pieces
  1165 | D:2      | Bought a scroll labelled GOLLON AVIYMM for 20 gold pieces
  1320 | D:2      | Reached skill level 4 in Dodging
  1392 | D:2      | Reached XP level 4. HP: 44/44 MP: 3/3
  2296 | D:3      | Found Buip's General Store.
  2304 | D:3      | Bought a scroll of poison for 48 gold pieces
  2451 | D:4      | Reached XP level 5. HP: 50/50 MP: 4/4
  2452 | D:4      | Noticed Robin
  2497 | D:3      | Reached skill level 5 in Dodging
  2547 | D:4      | Killed Robin
  3218 | D:5      | Entered Level 5 of the Dungeon
  3218 | D:5      | Noticed a black bear
  3229 | D:4      | HP: 2/50 [black bear (6)]
  3230 | D:4      | Slain by a black bear

Illustrated notes

Levels and vault maps discovered:
D:1:      dpeg_arrival_solitude, layout_loops_cross,
          hellmonk_ecumenical_altar_run_dry, serial_shops,
          nicolae_shop_temple_entry_statues_fountains, serial_rivers,
          chequers_serial_rivers_micro_a, chequers_serial_rivers_micro_a,
          chequers_serial_rivers_micro_e, chequers_serial_rivers_large_a,
          chequers_serial_rivers_room_a
D:2:      layout_loops_corners, serial_shops, shop, minivault_5,
          minmay_pentomino_q2
D:3:      layout_basic, serial_shops, nicolae_square_shop
D:4:      layout_basic, zin_scriptorium, uniq_robin
D:5:      layout_loops_cross, tgw_sif, minmay_temple_entry_statues

Skill      XL: |  1  2  3  4  5 |
---------------+----------------+-----
Dodging        | 3 4 5 |  5.3
Fighting       | |  2.4
Stealth        | |  1.0
Unarmed Combat | |  3.0

Action                   |  1- 3 |  4- 6 || total
-------------------------+-------+-------++-------
Melee: Unarmed           |    84 |   109 ||   193
       Punch             |     1 |     2 ||     3
Throw: Javelin           |     6 |    13 ||    19
  Use: Potion            |       |     1 ||     1
 Stab: Sleeping          |     5 |     2 ||     7
Armor: Robe              |    32 |    40 ||    72
Dodge: Dodged            |    57 |   102 ||   159

Table legend: (Time is in decaauts)
 A = Elapsed time spent in this place.
 B = Non-inter-level travel time spent in this place.
 C = Inter-level travel time spent in this place.
 D = Time resting spent in this place.
 E = Time spent auto-exploring this place.
 F = Levels seen in this place.
 G = Mean time per level.
                   A        B        C        D        E       F      G
               +--------+--------+--------+--------+--------+-----+--------+
         Total |   3247 |   3106 |    141 |      5 |   2513 |   5 |  649.4 |
       Dungeon |   3247 |   3106 |    141 |      5 |   2513 |   5 |  649.4 |
               +--------+--------+--------+--------+--------+-----+--------+

Top non-repeatable levels by time:
     D:1: 935 daAuts
     D:2: 900 daAuts
     D:4: 888 daAuts
     D:3: 520 daAuts
     D:5: 1 daAuts
